3A
MYRTLE BEACH SEAHAWKS @ MT. VERNON BULLS
08/28/2022
 
TOP OF THE 1ST
Myrtle Beach Seahawks batting - Pitching for Mt. Vernon Bulls : RHP Arnout Els
Pitching: RHP Arnout Els
Batting: RHB Fernando Pérez 0-0: Ball
1-0: Ball
2-0: SINGLE (Line Drive, 56D)
Batting: RHB José Sosa 0-0: Swinging Strike
0-1: Foul Ball, location: 2F
0-2: Strikes out swinging
Batting: SHB Jorge Barrios 0-0: Called Strike
0-1: Ball
Throwing error on steal attempt, E2
Fernando Pérez to third
1-1: Called Strike
1-2: Fly out, F8 (Flyball, 8LM)
Runner from 3rd tags up, SCORES, no throw
Batting: RHB Rodrigo Lugo 0-0: Ball
1-0: Foul Ball, location: 2F
1-1: Foul Ball, location: 2F
1-2: Foul Ball, location: 2F
1-2: Fly out, F9 (Flyball, 9LM)
Top of the 1st over - 1 run(s), 1 hit(s), 1 error(s), 0 left on base; Myrtle Beach 1 - Mt. Vernon 0
BOTTOM OF THE 1ST
Mt. Vernon Bulls batting - Pitching for Myrtle Beach Seahawks : LHP Gary Barber
Pitching: LHP Gary Barber
Batting: RHB Habbo Allaart 0-0: Called Strike
0-1: Swinging Strike
0-2: Strikes out looking
Batting: RHB Alfonso Bocanegra 0-0: Ball
1-0: DOUBLE (Flyball, 7LM)
Batting: SHB Mike Peña 0-0: Called Strike
0-1: SINGLE (Groundball, 3L)
Alfonso Bocanegra to third
Runner from 3rd tries for Home, SAFE, throw made home
Batting: LHB Raúl Trevino 0-0: Fly out, F7 (Flyball, 7M)
Batting: RHB Mariano Ramírez 0-0: Foul Ball, location: 2F
0-1: Ball
1-1: Fielders Choice at 2nd, 6-4 (Groundball, 6)
Bottom of the 1st over - 1 run(s), 2 hit(s), 0 error(s), 0 left on base; Myrtle Beach 1 - Mt. Vernon 1
TOP OF THE 2ND
Myrtle Beach Seahawks batting - Pitching for Mt. Vernon Bulls : RHP Arnout Els
Batting: SHB Tony Martínez 0-0: Ball
1-0: Called Strike
1-1: Foul Ball, location: 2F
1-2: SINGLE (Groundball, 5D)
Batting: RHB Manuel Díaz 0-0: Called Strike
0-1: Called Strike
0-2: Foul Ball, location: 2F
0-2: Foul Ball, location: 2F
0-2: Strikes out looking
Batting: RHB Guillaume Colin 0-0: Called Strike
0-1: Foul Ball, location: 2F
0-2: Ball
1-2: Ball
2-2: Ball
3-2: Foul Ball, location: 2F
3-2: Strikes out swinging
Batting: RHB Roberto Escues 0-0: Called Strike
0-1: Hit by Pitch
Tony Martínez to second
Batting: RHB Jim Unknown 0-0: Ball
1-0: Called Strike
1-1: Called Strike
1-2: SINGLE (Line Drive, 4MD)
Tony Martínez to third
Roberto Escues to second
Runner from 3rd tries for Home, throw and OUT!
Top of the 2nd over - 0 run(s), 2 hit(s), 0 error(s), 2 left on base; Myrtle Beach 1 - Mt. Vernon 1
BOTTOM OF THE 2ND
Mt. Vernon Bulls batting - Pitching for Myrtle Beach Seahawks : LHP Gary Barber
Batting: RHB Jorge Miranda 0-0: Ball
1-0: Ball
2-0: Foul Ball, location: 2F
2-1: SINGLE (Groundball, 56D)
Batting: RHB Franklin Gestel 0-0: Called Strike
0-1: Swinging Strike
0-2: Ball
1-2: Fielders Choice at 2nd, 1-6 (Groundball, 13S)
Batting: RHB Miguel Vásquez 0-0: Called Strike
0-1: Ball
1-1: Swinging Strike
1-2: Ball
2-2: Ball
3-2: Base on Balls
Franklin Gestel to second
Batting: RHB Vaclav Brem 0-0: Ball
1-0: Swinging Strike
1-1: Called Strike
1-2: Foul Ball, location: 2F
1-2: SINGLE (Line Drive, 78S)
Franklin Gestel to third
Miguel Vásquez to second
Runner from 3rd tries for Home, SAFE, throw made home
Batting: RHB Habbo Allaart 0-0: Ball
1-0: Fly out, F7 (Flyball, 78M)
Batting: RHB Alfonso Bocanegra 0-0: Called Strike
0-1: Fielders Choice at 2nd, U4 (Groundball, 4M)
Bottom of the 2nd over - 1 run(s), 2 hit(s), 0 error(s), 2 left on base; Myrtle Beach 1 - Mt. Vernon 2
TOP OF THE 3RD
Myrtle Beach Seahawks batting - Pitching for Mt. Vernon Bulls : RHP Arnout Els
Batting: RHB Fernando Pérez 0-0: Called Strike
0-1: Ball
1-1: Called Strike
1-2: Strikes out swinging
Batting: RHB José Sosa 0-0: Swinging Strike
0-1: Swinging Strike
0-2: Strikes out swinging
Batting: SHB Jorge Barrios 0-0: Ball
1-0: Fly out, F4 (Line Drive, 4)
Top of the 3rd over - 0 run(s), 0 hit(s), 0 error(s), 0 left on base; Myrtle Beach 1 - Mt. Vernon 2
BOTTOM OF THE 3RD
Mt. Vernon Bulls batting - Pitching for Myrtle Beach Seahawks : LHP Gary Barber
Batting: SHB Mike Peña 0-0: Called Strike
0-1: Ball
1-1: Ground out 4-3 (Groundball, 4M)
Batting: LHB Raúl Trevino 0-0: Ball
1-0: Ball
2-0: Ball
3-0: Called Strike
3-1: Called Strike
3-2: SINGLE (Groundball, 25) (infield hit)
Batting: RHB Mariano Ramírez 0-0: Ball
1-0: Called Strike
Raúl Trevino steals 2nd base
1-1: Foul Ball, location: 2F
1-2: Foul Ball, location: 2F
1-2: Ball
2-2: Fly out, F4 (Popup, 4MD)
Batting: RHB Jorge Miranda 0-0: Ground out 4-3 (Groundball, 4)
Bottom of the 3rd over - 0 run(s), 1 hit(s), 0 error(s), 1 left on base; Myrtle Beach 1 - Mt. Vernon 2
TOP OF THE 4TH
Myrtle Beach Seahawks batting - Pitching for Mt. Vernon Bulls : RHP Arnout Els
Batting: RHB Rodrigo Lugo 0-0: Called Strike
0-1: Called Strike
0-2: Ball
1-2: Ball
2-2: Ground out 5-3 (Groundball, 15S)
Batting: SHB Tony Martínez 0-0: Ground out 4-3 (Groundball, 4)
Batting: RHB Manuel Díaz 0-0: Ball
1-0: Swinging Strike
1-1: Foul Ball, location: 2F
1-2: Strikes out swinging
Top of the 4th over - 0 run(s), 0 hit(s), 0 error(s), 0 left on base; Myrtle Beach 1 - Mt. Vernon 2
BOTTOM OF THE 4TH
Mt. Vernon Bulls batting - Pitching for Myrtle Beach Seahawks : LHP Gary Barber
Batting: RHB Franklin Gestel 0-0: Foul Ball, location: 2F
0-1: Ball
1-1: Ball
2-1: Called Strike
2-2: Ball
3-2: Strikes out swinging
Batting: RHB Miguel Vásquez 0-0: Called Strike
0-1: Swinging Strike
0-2: Ground out 4-3 (Groundball, 4)
Batting: RHB Vaclav Brem 0-0: Ball
1-0: Swinging Strike
1-1: Ground out 6-3 (Groundball, 6M)
Bottom of the 4th over - 0 run(s), 0 hit(s), 0 error(s), 0 left on base; Myrtle Beach 1 - Mt. Vernon 2
TOP OF THE 5TH
Myrtle Beach Seahawks batting - Pitching for Mt. Vernon Bulls : RHP Arnout Els
Batting: RHB Guillaume Colin 0-0: Ground out 5-3 (Groundball, 56)
Batting: RHB Roberto Escues 0-0: Ball
1-0: Ball
2-0: Swinging Strike
2-1: Ball
3-1: SINGLE (Flyball, 7S)
Batting: RHB Jim Unknown 0-0: Called Strike
0-1: Ball
1-1: Swinging Strike
1-2: Ball
2-2: Foul Ball, location: 2F
2-2: 2-RUN HOME RUN (Flyball, 78XD), Distance : 431 ft
Batting: RHB Fernando Pérez 0-0: Called Strike
0-1: Swinging Strike
0-2: Strikes out looking
Batting: RHB José Sosa 0-0: Called Strike
0-1: Foul Ball, location: 2F
0-2: Ball
1-2: Strikes out swinging
Top of the 5th over - 2 run(s), 2 hit(s), 0 error(s), 0 left on base; Myrtle Beach 3 - Mt. Vernon 2
BOTTOM OF THE 5TH
Mt. Vernon Bulls batting - Pitching for Myrtle Beach Seahawks : LHP Gary Barber
Batting: RHB Habbo Allaart 0-0: Called Strike
0-1: Foul Ball, location: 2F
0-2: Ground out 6-3 (Groundball, 6)
Batting: RHB Alfonso Bocanegra 0-0: Ball
1-0: Ball
2-0: Swinging Strike
2-1: Foul Ball, location: 2F
2-2: Strikes out swinging
Batting: SHB Mike Peña 0-0: Ball
1-0: Ball
2-0: Foul Ball, location: 2F
2-1: Fly out, F6 (Popup, 6M)
Bottom of the 5th over - 0 run(s), 0 hit(s), 0 error(s), 0 left on base; Myrtle Beach 3 - Mt. Vernon 2
TOP OF THE 6TH
Myrtle Beach Seahawks batting - Pitching for Mt. Vernon Bulls : RHP Arnout Els
Batting: SHB Jorge Barrios 0-0: Called Strike
0-1: Ball
1-1: Ball
2-1: Foul Ball, location: 2F
2-2: Ball
3-2: Base on Balls
Batting: RHB Rodrigo Lugo 0-0: Ball
1-0: Ball
Pickoff Throw to First - Error! E1
Jorge Barrios to second
2-0: SINGLE (Line Drive, 6M)
Jorge Barrios to third
Batting: SHB Tony Martínez 0-0: Ball
1-0: Fly out, F7 (Flyball, 7M)
Runner from 3rd tags up, SCORES, no throw
Batting: RHB Manuel Díaz 0-0: Ball
1-0: Foul Ball, location: 2F
1-1: Foul Ball, location: 2F
1-2: Ball
2-2: Foul Ball, location: 2F
2-2: Foul Ball, location: 2F
2-2: Foul Ball, location: 2F
2-2: Strikes out swinging
Batting: RHB Guillaume Colin 0-0: Ball
1-0: Ball
2-0: Ball
3-0: Called Strike
3-1: Swinging Strike
3-2: Strikes out swinging
Top of the 6th over - 1 run(s), 1 hit(s), 1 error(s), 1 left on base; Myrtle Beach 4 - Mt. Vernon 2
BOTTOM OF THE 6TH
Mt. Vernon Bulls batting - Pitching for Myrtle Beach Seahawks : LHP Gary Barber
Batting: LHB Raúl Trevino 0-0: Swinging Strike
0-1: Called Strike
0-2: Strikes out looking
Batting: RHB Mariano Ramírez 0-0: Ball
1-0: Foul Ball, location: 2F
1-1: Ball
2-1: SINGLE (Line Drive, 56D)
Batting: RHB Jorge Miranda 0-0: Called Strike
0-1: Ball
1-1: Ball
2-1: Called Strike
2-2: Ball
3-2: Base on Balls
Mariano Ramírez to second
Batting: RHB Franklin Gestel 0-0: Ball
1-0: Ball
2-0: Foul Ball, location: 2F
2-1: Reached on error, E6 (Groundball, 6M)
Mariano Ramírez to third
Jorge Miranda to second
Batting: RHB Miguel Vásquez 0-0: Ground out U3 (Groundball, 3S)
Mariano Ramírez scores
Jorge Miranda to third
Franklin Gestel to second
Batting: RHB Vaclav Brem 0-0: Foul Ball, location: 2F
0-1: Swinging Strike
0-2: Strikes out swinging
Bottom of the 6th over - 1 run(s), 1 hit(s), 1 error(s), 2 left on base; Myrtle Beach 4 - Mt. Vernon 3
TOP OF THE 7TH
Myrtle Beach Seahawks batting - Pitching for Mt. Vernon Bulls : RHP Arnout Els
Batting: RHB Roberto Escues 0-0: Called Strike
0-1: Swinging Strike
0-2: Ball
1-2: SINGLE (Groundball, 15) (infield hit)
Batting: RHB Jim Unknown 0-0: Bunted foul
0-1: Ball
1-1: Ball
2-1: Sac Bunt - play at first, batter OUT! 1-4
Roberto Escues to second
Pinch Hitting: LHB Piotr Buscowiak 0-0: Intentional Walk
Pinch Hitting: RHB Jim Unknown 0-0: Foul Ball, location: 2F
0-1: Foul Ball, location: 2F
0-2: Foul Ball, location: 2F
0-2: Ball
1-2: Ball
2-2: Foul Ball, location: 2F
2-2: Foul Ball, location: 2F
2-2: SINGLE (Line Drive, 6MD)
Roberto Escues to third
Piotr Buscowiak to second
Runner from 3rd tries for Home, SAFE, no throw or cutoff
Pitching: LHP Dave Montalvo
Batting: SHB Jorge Barrios 0-0: Fly out, F2 (Popup, 2LF)
Batting: RHB Rodrigo Lugo 0-0: Ball
1-0: Ground out 6-3 (Groundball, 6)
Top of the 7th over - 1 run(s), 2 hit(s), 0 error(s), 2 left on base; Myrtle Beach 5 - Mt. Vernon 3
BOTTOM OF THE 7TH
Mt. Vernon Bulls batting - Pitching for Myrtle Beach Seahawks : LHP Gary Barber
Now at 1B: Piotr Buscowiak
Now at 2B: Jim Unknown
Batting: RHB Habbo Allaart 0-0: SINGLE (Line Drive, 56D)
Batting: RHB Alfonso Bocanegra 0-0: Bunted foul
0-1: Ball
1-1: Ball
2-1: Sac Bunt - play at first, batter OUT! 3-4
Habbo Allaart to second
Batting: SHB Mike Peña 0-0: Called Strike
0-1: Ball
1-1: Ball
2-1: Ground out 5-3 (Groundball, 56)
Batting: LHB Raúl Trevino 0-0: Ball
1-0: Foul Ball, location: 2F
1-1: Foul Ball, location: 2F
1-2: Strikes out swinging
Bottom of the 7th over - 0 run(s), 1 hit(s), 0 error(s), 1 left on base; Myrtle Beach 5 - Mt. Vernon 3
TOP OF THE 8TH
Myrtle Beach Seahawks batting - Pitching for Mt. Vernon Bulls : LHP Dave Montalvo
Batting: SHB Tony Martínez 0-0: Foul Ball, location: 2F
0-1: Ball
1-1: Fly out, F3 (Popup, 3)
Batting: RHB Manuel Díaz 0-0: Ball
1-0: Ball
2-0: Foul Ball, location: 2F
2-1: Foul Ball, location: 2F
2-2: Ball
3-2: Ground out 1-3 (Groundball, 15S)
Batting: RHB Guillaume Colin 0-0: Called Strike
0-1: Ball
1-1: Ball
2-1: SINGLE (Line Drive, 8LS)
Batting: RHB Roberto Escues 0-0: Called Strike
0-1: Swinging Strike
0-2: Ball
1-2: Foul Ball, location: 2F
1-2: Fly out, F8 (Flyball, 8LXD)
Top of the 8th over - 0 run(s), 1 hit(s), 0 error(s), 1 left on base; Myrtle Beach 5 - Mt. Vernon 3
BOTTOM OF THE 8TH
Mt. Vernon Bulls batting - Pitching for Myrtle Beach Seahawks : LHP Gary Barber
Pitching: RHP Andrew Webster
Batting: RHB Mariano Ramírez 0-0: Ball
1-0: Fly out, F8 (Flyball, 8LXD)
Batting: RHB Jorge Miranda 0-0: Ball
1-0: SINGLE (Line Drive, 34)
Batting: RHB Franklin Gestel 0-0: Ball
1-0: Foul Ball, location: 2F
1-1: Foul Ball, location: 2F
1-2: Ball
2-2: Strikes out looking
Batting: RHB Miguel Vásquez 0-0: Ball
1-0: Swinging Strike
1-1: Ball
2-1: SINGLE (Groundball, 3D)
Jorge Miranda to second
Runner from 2nd tries for 3rd, SAFE, throw made to third
Batting: RHB Vaclav Brem 0-0: Swinging Strike
0-1: Ball
1-1: Foul Ball, location: 2F
1-2: Strikes out swinging
Bottom of the 8th over - 0 run(s), 2 hit(s), 0 error(s), 2 left on base; Myrtle Beach 5 - Mt. Vernon 3
TOP OF THE 9TH
Myrtle Beach Seahawks batting - Pitching for Mt. Vernon Bulls : LHP Dave Montalvo
Pitching: RHP Sean Harding
Batting: RHB Jim Unknown 0-0: Ball
1-0: Foul Ball, location: 2F
1-1: DOUBLE (Line Drive, 9LD)
Batting: LHB Piotr Buscowiak 0-0: Intentional Walk
Batting: RHB Jim Unknown 0-0: Called Strike
0-1: Sac Bunt - play at first, batter OUT! 1-3
Jim Unknown to third
Piotr Buscowiak to second
Batting: SHB Jorge Barrios 0-0: SINGLE (Groundball, 56D) (infield hit)
Jim Unknown scores
Piotr Buscowiak to third
Batting: RHB Rodrigo Lugo 0-0: Foul Ball, location: 2F
0-1: Fly out, F9 (Flyball, 89XD)
Runner from 3rd tags up, SCORES, no throw
Batting: SHB Tony Martínez 0-0: Called Strike
0-1: Called Strike
0-2: Ball
1-2: Strikes out swinging
Top of the 9th over - 2 run(s), 2 hit(s), 0 error(s), 1 left on base; Myrtle Beach 7 - Mt. Vernon 3
BOTTOM OF THE 9TH
Mt. Vernon Bulls batting - Pitching for Myrtle Beach Seahawks : RHP Andrew Webster
Pitching: RHP Dennis Dunn
Batting: RHB Habbo Allaart 0-0: Ball
1-0: Foul Ball, location: 2F
1-1: Ball
2-1: Reached on error, E5 (Groundball, 56)
Batting: RHB Alfonso Bocanegra 0-0: Called Strike
0-1: Ball
1-1: Foul Ball, location: 2F
1-2: Strikes out swinging
Batting: SHB Mike Peña 0-0: Ground out 4-3 (Groundball, 4)
Habbo Allaart to third
Batting: LHB Raúl Trevino 0-0: Called Strike
0-1: SINGLE (Line Drive, 9S)
Habbo Allaart scores
Batting: RHB Mariano Ramírez 0-0: Called Strike
0-1: Ball
1-1: Ball
2-1: 2-RUN HOME RUN (Flyball, 78XD), Distance : 437 ft
Pinch Hitting: RHB Jim Unknown 0-0: Fly out, F8 (Line Drive, 8RM)
Bottom of the 9th over - 3 run(s), 2 hit(s), 1 error(s), 0 left on base; Myrtle Beach 7 - Mt. Vernon 6
This league is powered by Out of the Park Baseball, the baseball management simulation game for PC, Mac and Linux
Friday, April 15th, 2016 - OOTP Baseball 16.9 Build 39